AoeStats
← aka Frost1e

African Clearing

510509003Analyzed
4v4 RM · 13h ago on Oct 1, 2026· 45m 54s· 8 players
Game mode
Random Map
Map size
Large (8 player)
Population
200
Speed
Normal
Resources
Standard
Victory
Conquest
Starting age
Dark Age
Ending age
Imperial Age
RankedLock teamsTeams togetherTeam positionsShared explorationLock speedFull tech treeHidden civsTurbo modeCheats
Victory
Defeat
🇬🇧 Saxons · United Kingdom
1446
+14
🇭🇺 Sicilians · Hungary
1423
+15
🇩🇪 Magyars · Germany
1390
+16
🇪🇸 Cumans · Spain
1379
+17
🇺🇸 Wei · United States
1447
-17
🇨🇳 Armenians · China
1410
-16
🇺🇦 Malians · Ukraine
1404
-16
🇨🇳 Vietnamese · China
1337
-13
Oh Bossom
5:59 Loom
13:13 Feudal Age
14:19 Double-Bit Axe
15:59 Wheelbarrow
23:10 Fletching
25:29 Horse Collar
28:48 Town Watch
31:23 Castle Age
29:27 Town Watch
30:15 Scale Barding Armor
33:41 Bow Saw
38:20 Gold Mining
40:07 Chain Barding Armor
41:58 Hand Cart
CARANZA
3:32 Loom
12:56 Feudal Age
13:38 Double-Bit Axe
13:26 Man-at-Arms
19:59 Fletching
20:09 Padded Archer Armor
31:26 Wheelbarrow
35:18 Castle Age
36:11 Bloodlines
41:59 Bow Saw
PZ|NagyGeri1
7:37 Loom
20:07 Feudal Age
21:12 Double-Bit Axe
26:07 Town Watch
26:46 Horse Collar
27:29 Scale Mail Armor
29:40 Wheelbarrow
29:49 Arson
32:55 Castle Age
31:37 Fletching
34:00 Chain Mail Armor
33:47 Squires
35:40 Forging
36:47 Bow Saw
39:14 Bodkin Arrow
43:50 Iron Casting
44:25 Hand Cart
Locke
11:07 Loom
12:54 Feudal Age
14:15 Double-Bit Axe
14:11 Horse Collar
17:11 Castle Age
19:27 Bow Saw
21:11 Heavy Plow
24:04 Fletching
26:49 Wheelbarrow
25:59 Town Watch
26:54 Gold Mining
27:15 Squires
28:06 Ballistics
29:30 Hand Cart
29:01 Town Watch
29:21 Pikeman
30:06 Scale Mail Armor
30:17 Forging
30:02 Bodkin Arrow
31:51 Gold Shaft Mining
31:07 Stone Mining
31:19 Treadmill Crane
36:01 Imperial Age
33:49 Chain Mail Armor
34:09 Iron Casting
33:32 Arson
34:24 Iron Casting
36:04 Elite Varangian Guard
37:25 Conscription
37:41 Plate Mail Armor
37:30 Gambesons
37:08 Shield Wall
39:24 Coinage
40:06 Siege Engineers
41:09 Banking
41:19 Halberdier
41:44 Heavy Scorpion
41:59 Heavy Scorpion
45:45 Masonry
46:37 Chemistry
A Mongolito
7:37 Loom
13:08 Feudal Age
13:44 Double-Bit Axe
13:57 Horse Collar
17:09 Gold Mining
21:12 Castle Age
20:19 Bloodlines
21:12 Fletching
21:53 Bodkin Arrow
28:13 Ballistics
33:52 Wheelbarrow
33:24 Treadmill Crane
35:34 Bow Saw
2110316511
5:28 Loom
26:11 Feudal Age
31:11 Castle Age
29:16 Horse Collar
30:10 Double-Bit Axe
32:45 Bow Saw
35:41 Heavy Plow
36:08 Fletching
40:22 Bodkin Arrow
aka Frost1e
12:40 Feudal Age
13:08 Double-Bit Axe
13:00 Man-at-Arms
17:40 Forging
17:38 Arson
18:48 Scale Mail Armor
25:40 Wheelbarrow
24:50 Loom
27:50 Castle Age
27:47 Gold Mining
28:49 Long Swordsman
29:30 Squires
29:50 Bow Saw
30:07 Chain Mail Armor
33:07 Iron Casting
34:46 Stone Mining
34:37 Horse Collar
36:00 Gold Shaft Mining
35:26 Heavy Plow
36:50 Stone Shaft Mining
36:57 Town Watch
喜足天
5:03 Loom
14:38 Feudal Age
14:41 Man-at-Arms
15:32 Double-Bit Axe
20:30 Long Swordsman
21:40 Fletching
25:39 Wheelbarrow
28:23 Castle Age
26:43 Scale Mail Armor
26:30 Arson
28:16 Forging
28:55 Two-Handed Swordsman
30:15 Chain Mail Armor
30:12 Gambesons
30:29 Squires
34:00 Hand Cart
36:19 Iron Casting
36:49 Champion
38:58 Bodkin Arrow
45:55 Imperial Age
44:17 Horse Collar
45:03 Bow Saw
44:48 Gold Mining
44:49 Stone Mining
Connection lost

Rejoining the realm…

Still unreachable

The connection could not be restored.

Session expired

The server has moved on; the page needs a fresh start.